 Dungeon Crawl Stone Soup version bcrawl-1.37.2 (webtiles) character file.

Game seed: 10079515798514185933

266494 M4edhros the Cudgeler (level 7, -6/43 HPs)
             Began as an Octopode Archaeologist on Feb 3, 2023.
             Was a Follower of Cheibriados.
             Mangled by a bullfrog skeleton (7 damage)
             ... on level 5 of the Dungeon.
             The game lasted 00:06:49 (2487 turns).

M4edhros the Cudgeler (Octopode Archaeologist)      Turns: 2487, Time: 00:06:50

Health: -6/43      AC: 11    Str: 12    XL:     7   Next: 25%
Magic:  16/16      EV: 12    Int: 22    God:    Cheibriados [*.....]
Gold:   214        SH:  8    Dex: 14    Spells: 6/6 levels left

rFire    + . .     GDR:     26% f - +4 flail (protect)
rCold    x . .     SeeInvis .   y - +0 buckler
rNeg     . . .     Gourm    .   c - +1 hat
rPois    .         Faith    .   (cloak restricted)
rElec    .         Spirit   .   (no amulet)
rCorr    .         Reflect  .   k - ring of protection from magic
MR       +....     Clarity  +   o - ring of fire
Stlth    ++++......             w - +3 ring of intelligence
HPRegen  0.17/turn              r - ring of magical power
MPRegen  0.15/turn              (no ring)
                                (no ring)
                                (no ring)
                                (no ring)

@: protection aura, very slow
A: almost no armour, stealthy swim, resist paralysis, amphibious, 8 rings,
constrict 8, large bone plates 1, slimy green scales 1, camouflage 1, wild magic
1, gelatinous body 1
a: Bend Time, Renounce Religion


You were on level 5 of the Dungeon.
You worshipped Cheibriados.
Cheibriados was aware of your devotion.
You were hungry.

You visited 1 branch of the dungeon, and saw 5 of its levels.

You collected 214 gold pieces.

Inventory:

Hand Weapons
 a - a +0 whip
 b - a +0 blowgun
 f - a +4 flail of protection (weapon)
 q - a cursed -1 short sword
 v - a cursed +0 spear
Missiles
 d - 6 curare-tipped needles
 p - 179 poisoned needles
Armour
 c - a +1 hat (worn)
 y - a +0 buckler (worn)
Jewellery
 k - a ring of protection from magic (left tentacle)
 o - a ring of fire (right tentacle)
 r - a ring of magical power (on tentacle)
 w - a +3 ring of intelligence (on tentacle)
Wands
 t - a wand of polymorph (1)
Scrolls
 g - 2 scrolls of magic mapping
 h - 2 scrolls of remove curse
 i - 2 scrolls of identify
 n - a scroll of noise {unknown}
 u - a scroll of amnesia {unknown}
 x - a scroll of enchant weapon {unknown}
Potions
 j - a potion of mutation
 s - a potion of heal wounds {unknown}
 z - a potion of flight
Comestibles
 e - 4 rations {!d}


   Skills:
 - Level 1.3 Fighting
 + Level 7.3 Maces & Flails
 + Level 3.1 Dodging
 - Level 4.4 Stealth


You had 6 spell levels left.
You didn't know any spells.
Your spell library was empty.

Dungeon Overview and Level Annotations

Branches:
Dungeon (5/12)
 Temple: D:4-7

Altars:
Cheibriados
Kikubaaqudgha
Qazlal
Vehumet

Annotations:
D:5 Edmund


Innate Abilities, Weirdness & Mutations

You cannot wear most types of armour.
You are very stealthy in the water. (Stealth+)
Your unusual nervous system resists paralysis.
You are amphibious.
You can wear up to eight rings at the same time.
You can use your tentacles to constrict eight enemies at once.
Your skin changes colour to match your surroundings (Stealth+).
Your rubbery body absorbs attacks. (AC +1, EV +1)
You are partially covered in large bone plates. (SH +4)
You are partially covered in slimy green scales. (AC +2)
Your spells are a little harder to cast, but a little more powerful.


Message History

You kill the quokka!
Cheibriados thoroughly appreciates the change of pace.
The dart slug launches a dart at you. The slug dart hits you.
* * * LOW HITPOINT WARNING * * *
You barely miss the bullfrog skeleton. You grab the bullfrog skeleton.
You constrict the bullfrog skeleton. The bullfrog skeleton hits you!
* * * LOW HITPOINT WARNING * * *
You block the bullfrog skeleton's attack.
You sock the bullfrog skeleton!
Your weapon exudes an aura of protection.
The bullfrog skeleton is moderately damaged.
You constrict the bullfrog skeleton. The bullfrog skeleton hits you.
* * * LOW HITPOINT WARNING * * *
It was a potion of mutation.
You feel extremely strange.
Large bone plates grow over parts of your tentacles.
Slimy green scales grow over part of your body.
You feel less in control of your magic.
You constrict the bullfrog skeleton. The bullfrog skeleton hits you!
You die...

..# #.# ... #.#
#.# # #.##.###.
#........ #@# #Z#
# #.######.
###.######........
.......Z.w.#######
......†.####
........#
h....w..#
........#


You could see a dart slug and a bullfrog skeleton.

Vanquished Creatures
  A necrophage (D:5)
  Blork the orc (D:5)
  A water moccasin skeleton (D:4)
  A howler monkey (D:2)
  A crimson imp (D:5)
  An orc wizard (D:4)
  Crazy Yiuf (D:2)
  2 hounds
  A worker ant (D:4)
  2 gnolls (D:2)
  2 adders
  An ooze (D:2)
  4 worms (D:2)
  3 dart slugs
  4 leopard geckos
  3 orcs
  A ball python (D:2)
  8 bats
  A giant cockroach (D:1)
  7 goblins
  8 hobgoblins
  5 jackals (D:2)
  2 quokkas
  2 frilled lizards
  9 kobolds
  2 rats (D:1)
74 creatures vanquished.

Notes
Turn   | Place    | Note
-------+----------+-------------------------------------------
     0 | D:1      | M4edhros the Octopode Archaeologist began the quest for the
                  | Orb.
     0 | D:1      | Reached XP level 1. HP: 13/13 MP: 1/1
    70 | D:1      | Reached XP level 2. HP: 18/18 MP: 2/2
   180 | D:1      | Reached skill level 2 in Maces & Flails
   568 | D:1      | Reached XP level 3. HP: 23/23 MP: 3/3
   806 | D:2      | Reached skill level 3 in Maces & Flails
   883 | D:2      | Reached XP level 4. HP: 12/28 MP: 4/4
   887 | D:2      | HP: 1/28 [gnoll/+0 spear (5)]
   922 | D:2      | Found a radiant altar of Vehumet.
  1189 | D:2      | Found a snail-covered altar of Cheibriados.
  1201 | D:2      | Became a worshipper of Cheibriados the Contemplative
  1231 | D:2      | Reached skill level 4 in Maces & Flails
  1414 | D:2      | Reached XP level 5. HP: 29/33 MP: 5/5
  1414 | D:2      | Identified a scroll of acquirement
  1414 | D:2      | Identified the +0 hat of Bonavv Vauts {Dex+4} (You acquired
                  | it on level 2 of the Dungeon)
  1780 | D:2      | Reached skill level 5 in Maces & Flails
  1933 | D:2      | Found a faded altar of an unknown god.
  2020 | D:2      | Found a runed door.
  2024 | D:2      | Noticed Crazy Yiuf
  2029 | D:2      | Killed Crazy Yiuf
  2148 | D:3      | Reached * piety under Cheibriados
  2262 | D:3      | Reached XP level 6. HP: 31/38 MP: 6/6
  2358 | D:4      | Reached skill level 6 in Maces & Flails
  2381 | D:4      | Found a stormy altar of Qazlal.
  2422 | D:5      | Entered Level 5 of the Dungeon
  2422 | D:5      | Noticed a necrophage
  2427 | D:5      | Killed a necrophage
  2434 | D:5      | Noticed Blork the orc
  2435 | D:5      | Reached skill level 7 in Maces & Flails
  2435 | D:5      | Reached XP level 7. HP: 41/43 MP: 7/7
  2442 | D:5      | Killed Blork the orc
  2449 | D:5      | Found an ancient bone altar of Kikubaaqudgha.
  2470 | D:5      | Noticed Edmund
  2486 | D:5      | HP: 1/43 [bullfrog skeleton (5)]
  2487 | D:5      | Gained mutation: You are partially covered in large bone
                  | plates. (SH +4) [potion of mutation]
  2487 | D:5      | Gained mutation: You are partially covered in slimy green
                  | scales. (AC +2) [potion of mutation]
  2487 | D:5      | Gained mutation: Your spells are a little harder to cast,
                  | but a little more powerful. [potion of mutation]
  2487 | D:5      | Mangled by a bullfrog skeleton

Skill      XL: |  1  2  3  4  5  6 |
---------------+-------------------+-----
Maces & Flails | 2 3 4 5 7 |  7.3
Fighting       | |  1.3
Dodging        | |  3.1
Stealth        | |  4.4

Action                   |  1- 3 |  4- 6 |  7- 9 || total
-------------------------+-------+-------+-------++-------
Melee: Whip              |    68 |    32 |       ||   100
       Constrict         |    16 |    26 |     4 ||    46
       Tentacles         |     7 |    13 |     2 ||    22
       Flail             |       |    68 |    11 ||    79
Evoke: Wand              |       |     2 |       ||     2
  Use: Scroll            |     1 |     2 |     2 ||     5
       Potion            |     1 |     2 |     1 ||     4
 Stab: Sleeping          |    15 |    11 |       ||    26
  Eat: Chunk             |     1 |     8 |       ||     9
Armor: Skin              |    30 |    26 |       ||    56
Dodge: Dodged            |    24 |    72 |     5 ||   101
Block: Buckler           |       |     3 |     1 ||     4
